Workbook

Sheet Questionnaire
D2: Davis CPA & Associates, LLC | S2: 3490 Ridgewood Road Suite H Fairlawn, OH 44333
D3: 2016 TAX QUESTIONNAIRE | S3: (330) 665-9405 (Phone) | Z3: (888) 404-7029 (Fax)
A5: Please make sure this questionnaire is saved to your computer before you fill it out.
B6: Davis CPA & Associates, LLCs holds the right to ask for paper documentation of any or all of the information provided.
A7: General Information
G9: TAXPAYER | W9: SPOUSE
Q10: Complete the applicable spouse fields if married as of Dec. 31, 2016
F11: Last Name: | V11: Last Name:
F12: First Name: | V12: First Name:
F13: Middle Initial: | V13: Middle Initial:
F14: Social Security #: | V14: SSN or ITIN:
F15: Date of Birth: | V15: Date of Birth:
F16: Current Employer: | V16: Current Employer:
F17: Occupation in 2016: | V17: Occupation in 2016:
F19: Filing Status: | H19: Married Filing Joint | N19: Married Filing Separate | U19: Head of Household | AA19: Single
C20: (Select one)
F22: Deductions: | H22: Standard | L22: Itemized
C23: (Select one)
B25: Referred By: | O25: (new clients)
A27: Contact Information
B29: Primarily, you will be contacted by email.
B31: Email | F31: ü | G31: next to primary email address | T31: Telephone:
B32: Email Work: | V32: Work
B33: Email Personal: | V33: Mobile
B34: Email Other: | V34: Home
B36: Current Address: (street, city, state, zip) | X36: From (mm/dd/yy) | AC36: To (mm/dd/yy)
B39: Mailing Address for IRS correspondence, if different (i.e., PO Box, work address, etc.)
A42: Residency & Employers
B44: Complete if you lived at any other location during 2016:
B45: Taxpayer (T), Spouse (S), Joint (J)
B46: T/S/J | D46: Address (street, city, state, zip) | X46: From (mm/dd/yy) | AC46: To (mm/dd/yy)
B47: T | D47: =B37 -> 0
B52: Employers during 2016:
B53: Taxpayer (T), Spouse (S) | AB53: Where worked
B54: T/S | D54: Employer: | K54: Occupation | R54: From | W54: To | AB54: (state or country)
B55: T | D55: =G16 -> 0 | K55: =G17 -> 0
A60: Dependents
AA61: Childcare Expenses
B62: (Do not list spouse) | Q62: Date of Birth | AA62: While You Are At Work*
B63: First Name, Initial, Last Name | K63: SSN or ITIN | Q63: (mm/dd/yy) | V63: Relationship to You | AA63: (incurred & paid in 2016)
B69: Dependent Childcare Expenses Incurred while you [and spouse] were working or looking for work
B70: Care Provider's Name | K70: Care Provider's Address | X70: SSN or EIN | AC70: Amount Paid
C76: Check to indicate that you have been claimed as a dependent on someone else's tax return this year.
B78: If you have a dependent child for whom you paid college/university tuition, please refer to the | Z78: education worksheet
A80: Direct Deposit & Electronic Funds Withdrawal
B82: Name of US Bank | P82: (must be a US bank)
B84: Routing Number | L84: (9-digit number on the bottom left of a check)
B85: Account Number
B87: OR Voided Check Attached
B89: Electronic Withdrawal of any Tax Balance Due
B90: Please select a withdrawal date.
C91: Note: If no date is selected, you will have to mail in a check for any tax balance due
A95: Work Related Moving Expenses
B97: (1) Move must be closely related to a new or changed job location in the U.S.;
B98: (2) Have moved at least 50 miles farther from your old home than your old job was;
B99: (3) If employee, you must have worked at the new job for at least 39 weeks, if self employed, at least 78 weeks.
C101: From: | T101: From:
C102: To: | T102: To:
B103: $ | E103: Moving of household goods | S103: $ | V103: Moving of household goods
B104: $ | E104: Travel expense | S104: $ | V104: Travel expense
B105: $ | E105: Lodging en route to new home. | S105: $ | V105: Lodging en route to new home.
A107: IRA Contributions
B109: Tax Year 2016, maximum contribution is $5,500 per person (to age 49), and $6,500 (age 50 and older).
B110: A 2016 IRA contribution can be made up to April 18, 2017
I111: TAXPAYER | M111: SPOUSE
C112: IRA Traditional | H112: $ | L112: $ | R112: (Note: please do not list 401K contributions. An IRA is something set up by you personally, not through your work. )
B113: or | C113: IRA Roth | H113: $ | L113: $
A115: Mortgage Interest & Property Tax
B117: Amounts for up to two residences (can be in the U.S. or abroad) that you lived in during 2016.
B118: For rental properties, please list separately on the | O118: Rental | Q118: worksheet.
V120: Reported on
K121: TAXPAYER | O121: SPOUSE | S121: JOINT | V121: Form 1098
E122: Mortgage Interest | J122: $ | N122: $ | R122: $
E123: Primary residence | J123: $ | N123: $ | R123: $
E124: and second home only | J124: $ | N124: $ | R124: $
J125: $ | N125: $ | R125: $
K126: =SUM(K122:M125) -> 0 | O126: =SUM(O122:Q125) -> 0 | S126: =SUM(S122:U125) -> 0
D128: Points Paid (if any) | J128: $ | N128: $ | R128: $
B130: Property Tax (primary residence) | J130: $ | N130: $ | R130: $
B131: Property Tax (second home) | J131: $ | N131: $ | R131: $
B132: Property Tax (additional homes) | J132: $ | N132: $ | R132: $
K133: =SUM(K130:M131) -> 0 | O133: =SUM(O130:Q131) -> 0 | S133: =SUM(S130:U131) -> 0
B135: Additional Information: Please check if any of these situations apply to you.
C137: The total of your mortgage balance(s) was more than $1,100,000 during 2016 (including primary home plus second home)
C139: You sold a home during 2016
A145: Charitable Contributions
B147: Must be to a Qualified U.S. Charity
B148: Charitable contributions must be supported with a donation receipt, letter or bank record (new IRS rule effective 1/1/07)
B149: Contributions of clothing and household goods must be in good used condition or better.
K150: TAXPAYER | O150: SPOUSE | S150: JOINT
B151: Cash, Checks, or Credit Cards | J151: $ | N151: $ | R151: $
B152: Noncash | J152: $ | N152: $ | R152: $
B154: *If noncash charity totals more than $500, please either email or fax us your receipts OR provide the following:
B156: Name of Charity | H156: Address of Charity | R156: Goods Donated (clothes, etc.) | Z156: Date Donated | AD156: Used Value
B160: For values, go to: | G160: Salvation Army Donation Value Guide
B162: Note: Donation of stock/securities is a non-cash donation.
A164: Other Deductions/Expenses
B166: Deductions: | K166: TAXPAYER | O166: SPOUSE | S166: JOINT
B167: Total Medical Expense | J167: $ | K167: =SUM(K168:M170) -> 0 | N167: $ | O167: =SUM(O168:Q170) -> 0
C168: Prescription | J168: $ | N168: $
...

Sheet Trades
A1: Davis CPA & Associaties, LLC | E1: 3490 Ridgewood Road Suite H, Fairlawn OH 44333
A2: Certified Public Accounting Firm | E2: (330) 665-9405 (Phone) | H2: (888) 404-7029 (Fax)
D3: 2016 Capital Gains and Losses (Schedule D)
C5: Name: | D5: =CONCATENATE(Questionnaire!G12," ",Questionnaire!G11)
C6: SSN: | D6: =Questionnaire!G14 -> 0
C8: SHORT TERM Capital Gains and Losses - Assets Held One Year or Less
C9: Part I, Line 1
C10: Number of | E10: Date | F10: Date | G10: Sales | H10: Cost
B11: T/S/J | C11: Shares | D11: Name of Security | E11: Acquired | F11: Sold | G11: Price | H11: Basis | I11: Gain/Loss
I13: =G13-H13 -> 0
I14: =G14-H14 -> 0
I15: =G15-H15 -> 0
I16: =G16-H16 -> 0
I17: =G17-H17 -> 0
I18: =G18-H18 -> 0
I19: =G19-H19 -> 0
I20: =G20-H20 -> 0
I21: =G21-H21 -> 0
I22: =G22-H22 -> 0
I23: =G23-H23 -> 0
I24: =G24-H24 -> 0
... I29: =G29-H29 -> 0
I30: 0
G31: =SUM(G13:G30) -> 0 | H31: =SUM(H13:H30) -> 0 | I31: =SUM(I13:I30) -> 0 | L31: =G31-H31 -> 0 | M31: =IF(I31=L31, "OK", "ERROR - Check gain/loss formula") -> OK
C33: LONG TERM Capital Gains and Losses - Assets Held More Than One Year
C34: Part II, Line 8
C35: Number of | E35: Date | F35: Date | G35: Sales | H35: Cost
B36: T/S/J | C36: Shares | D36: Name of Security | E36: Acquired | F36: Sold | G36: Price | H36: Basis | I36: Gain/Loss
I38: =G38-H38 -> 0
I39: =G39-H39 -> 0
I40: =G40-H40 -> 0
I41: =G41-H41 -> 0
I42: =G42-H42 -> 0
I43: =G43-H43 -> 0
I44: =G44-H44 -> 0
I45: =G45-H45 -> 0
I46: =G46-H46 -> 0
I47: =G47-H47 -> 0
I48: =G48-H48 -> 0
I49: 0
G50: =SUM(G38:G49) -> 0 | H50: =SUM(H38:H49) -> 0 | I50: =SUM(I38:I49) -> 0 | L50: =G50-H50 -> 0 | M50: =IF(I50=L50, "OK", "ERROR - Check gain/loss formula") -> OK
E53: Total from Form 1099-B's: | G53: =SUM(G31)+G50 -> 0
C55: Click here to go back to questionnaire

Sheet Self Employment
A1: Davis CPA & Associaties, LLC | J1: 3490 Ridgewood Road Suite H Fairlawn OH 44333 | W1: (330) 665-9405 (Phone)
A2: Certified Public Accounting Firm | W2: (888) 404-7029 (Fax)
A3: 2016 Self-Employment Information
A4: Please fill in all fields that apply to you.
C6: Taxpayer: | F6: =CONCATENATE(Questionnaire!G12," ",Questionnaire!G11) | S6: Spouse: | V6: =CONCATENATE(Questionnaire!W12," ",Questionnaire!W11)
A8: Type of Business: | Q8: Type of Business:
A9: (please be specific, e.g., if consultant, in what field?)
A11: Business Address: | Q11: Business Address:
A12: (if different from home)
A14: Business Name: | Q14: Business Name:
A15: (if not your own name) | Q15: (if not your own name)
A16: EIN Number: | Q16: EIN Number:
A17: (if applicable) | Q17: (if applicable)
A19: Self-Employment Income
F20: TAXPAYER | V20: SPOUSE
B21: Reported on Form 1099-MISC
B22: Payer | K22: Amount | S22: Payer | AB22: Amount
J23: $ | AA23: $
J24: $ | AA24: $
J25: $ | AA25: $
J26: $ | AA26: $
J27: $ | AA27: $
J28: $ | AA28: $
B30: Cash Income | J30: $ | S30: Cash Income | AA30: $
A32: Self Employment Expenses
F33: TAXPAYER | V33: SPOUSE
K34: Amount | AB34: Amount
B35: Advertising | J35: $ | S35: Advertising | AA35: $
B36: Health Insurance | J36: $ | S36: Health Insurance | AA36: $
B37: Other Insurance | J37: $ | S37: Other Insurance | AA37: $
A38: Tax Preparation Fee Paid in 2016 | J38: $ | R38: Tax Preparation Fee Paid in 2016 | AA38: $
A39: Other Legal/Professional Fees | J39: $ | S39: Computer Equipment | AA39: $
B40: Computer Equipment | J40: $ | R40: Other Legal/Professional Fees | AA40: $
B41: Office Supplies | J41: $ | S41: Office Supplies | AA41: $
B42: Office Rent (other than home) | J42: $ | S42: Office Rent (other than home) | AA42: $
B43: Repairs | J43: $ | S43: Repairs | AA43: $
C44: Supplies (other than office) | J44: $ | T44: Supplies (other than office) | AA44: $
B45: Travel & Lodging | J45: $ | S45: Travel & Lodging | AA45: $
B46: Meals & Entertainment | J46: $ | S46: Meals & Entertainment | AA46: $
C47: Research | J47: $ | T47: Research | AA47: $
C48: Telephone | J48: $ | T48: Telephone | AA48: $
C49: Internet | J49: $ | T49: Internet | AA49: $
C50: Dues & Fees | J50: $ | T50: Dues & Fees | AA50: $
C51: Client Gifts (limit $25 each) | J51: $ | T51: Client Gifts (limit $25 each) | AA51: $
C52: Education & Seminars | J52: $ | T52: Education & Seminars | AA52: $
C53: Postage | J53: $ | T53: Postage | AA53: $
C54: Local Transportation | J54: $ | T54: Local Transportation | AA54: $
C55: Trade Publications | J55: $ | T55: Trade Publications | AA55: $
B57: LIST OTHER SELF-EMPLOYMENT BUSINESS EXPENSES:
B58: Description | K58: Amount | S58: Description | AB58: Amount
J59: $ | AA59: $
J60: $ | AA60: $
J61: $ | AA61: $
J62: $ | AA62: $
J63: $ | AA63: $
J64: $ | AA64: $
J65: $ | AA65: $
J66: $ | AA66: $
J67: $ | AA67: $
J68: $ | AA68: $
A70: Self-Employed Retirement Plan (Keogh and SEP)
B72: If you've already contributed to a SEP or Keogh:
B73: 2016 SEP contribution | J73: $ | S73: 2016 SEP contribution | AA73: $
B74: 2016 Keogh contribution | J74: $ | S74: 2016 Keogh contribution | AA74: $
B76: If not, do you want us to calculate your maximum 2016 SEP contribution?
B77: Taxpayer: | S77: Spouse:
A79: Home Office
A81: General Rules:
A82: To qualify, a portion of your home or a separate structure must be used exclusively on a regular basis:
A83: (1) As the principal place of your business (this includes a place where you conduct administrative or management
A84: activities of the business if there is no other fixed location to conduct them), or
A85: (2) as a place where you meet clients in the normal course of business.
A87: Note: Do not fill in an amount for rent if you own your home.
A89: If you lived at more than one location during the year, please complete expenses separately:
F90: TAXPAYER | V90: SPOUSE
B91: Location 1: Address | R91: Location 1: Address
B93: Dates worked: | F93: From | K93: to | R93: Dates worked: | V93: From | AA93: to
A94: Total area of home (sq. ft.) | Q94: Total area of home (sq. ft.)
A95: Area used exclusively for business (sq. ft.) | Q95: Area used exclusively for business (sq. ft.)
A96: Rent $ | F96: X | H96: months | J96: = | K96: $ | L96: =D96*G96 -> 0 | Q96: Rent $ | V96: X | X96: months | Z96: = | AA96: $ | AB96: =T96*W96 -> 0
A97: Utilities $ | F97: X | H97: months | J97: = | K97: $ | L97: =D97*G97 -> 0 | Q97: Utilities $ | V97: X | X97: months | Z97: = | AA97: $ | AB97: =T97*W97 -> 0
A98: Repairs and maintenance expense | K98: $ | Q98: Repairs and maintenance expense | AA98: $
A99: Home insurance (total for year) | K99: $ | Q99: Home insurance (total for year) | AA99: $
B101: Location 2: (If you moved during the year) | R101: Location 2: (If you moved during the year)
B103: Dates worked: | F103: From | K103: to | R103: Dates worked: | V103: From | AA103: to
A104: Total area of home (sq. ft.) | Q104: Total area of home (sq. ft.)
A105: Area used exclusively for business (sq. ft.) | Q105: Area used exclusively for business (sq. ft.)
A106: Rent $ | F106: X | H106: months | J106: = | K106: $ | L106: =D106*G106 -> 0 | Q106: Rent $ | V106: X | X106: months | Z106: = | AA106: $ | AB106: =T106*W106 -> 0
A107: Utilities $ | F107: X | H107: months | J107: = | K107: $ | L107: =D107*G107 -> 0 | Q107: Utilities $ | V107: X | X107: months | Z107: = | AA107: $ | AB107: =T107*W107 -> 0
A108: Repairs and maintenance expense | K108: $ | Q108: Repairs and maintenance expense | AA108: $
A109: Home insurance (total for year) | K109: $ | Q109: Home insurance (total for year) | AA109: $
A111: Home Owners:
A112: If you own your home and you wish to claim depreciation of the office portion, please complete the following (unless you previously provided this information):
C114: Adjusted Basis of Property:
C115: $ | J115: Purchase Price of Property
C116: $ | J116: Settlement Costs (abstract fees, legal fees, recording fees, surveys, transfer taxes, title insurance)
C117: $ | J117: Capital Improvements made to property before it was made available for rent:
C118: $ | D118: =SUM(D115:H117) -> 0 | I118: = | J118: TOTAL ADJUSTED BASIS
C120: Value of land in price of property:
C121: $ | J121: (Note: Land is not a depreciable asset)
...

Sheet Foreign Income
A1: Davis CPA & Associaties, LLC | K1: 3490 Ridgewood Road Suite H, Fairlawn, OH 44333 | AA1: (330) 665-9405 (Phone)
A2: Certified Public Accounting Firm | AA2: (888) 404-7029 (Fax)
A3: 2016 Foreign Income & Accounts
A5: Foreign Income
B7: All tax residents filing Form 1040 are required to report worldwide income.
B9: Please do not include any foreign income & foreign tax payments that are reported on Form 1099-DIV
A11: Taxpayer (T), Spouse (S), Joint (J) | AH11: If using other than
C12: Type of Income: | O12: Currency | S12: Gross Income | W12: Income Converted | AA12: Gross Tax Paid | AE12: Tax Converted | AH12: average exchange rate:
A13: T/S/J | C13: (wages, interest, etc.) | I13: Name of Payer | O13: (euro, etc.) | S13: (foreign currency) | W13: to US Dollars* | AA13: (foreign currency) | AE13: to US Dollars* | AH13: Exchange Rate | AI13: Date(s) of Exchange
U15: $ | AC15: $
U16: $ | AC16: $
U17: $ | AC17: $
U18: $ | AC18: $
U19: $ | AC19: $
U20: $ | AC20: $
U21: $ | AC21: $
A23: Note: The currencies below are averages for 2015. Because currencies can vary considerably throughout the year, if you had
A24: income that was not spread throughout 2015, but instead paid at a specific time or over a specific time period, you may convert
A25: your income at that exchange rate. If you use a different exchange rate, please indicate the rate used and the date(s) to which
A26: it applies.
E27: Currency Converter | N27: Average | Q27: Foreign Currency | V27: US Dollar
N28: 2015 | R28: Amount | V28: Conversion
E29: EMU MEMBERS | K29: Euro | N29: 1.28577 | V29: =ROUND(R29*N29, 2) -> 0
E30: UNITED KINGDOM | K30: Pound | N30: 1.58474 | V30: =ROUND(R30*N30, 2) -> 0
E31: AUSTRALIA | K31: Dollar | N31: 1.03554 | V31: =ROUND(R31*N31, 2) -> 0
E32: BRAZIL | K32: Real | N32: 0.51333 | V32: =ROUND(R32*N32, 2) -> 0
E33: CANADA | K33: Dollar | N33: 1.0002 | V33: =ROUND(R33*N33, 2) -> 0
E34: CHINA | K34: Yuan | N34: 0.15823 | V34: =ROUND(R34*N34, 2) -> 0
E35: HONG KONG | K35: Dollar | N35: 0.1289 | V35: =ROUND(R35*N35, 2) -> 0
E36: INDIA | K36: Rupee | N36: 0.01863 | V36: =ROUND(R36*N36, 2) -> 0
E37: JAPAN | K37: Yen | N37: 0.01254 | V37: =ROUND(R37*N37, 2) -> 0
E38: MEXICO | K38: Peso | N38: 0.07601 | V38: =ROUND(R38*N38, 2) -> 0
E39: NEW ZEALAND | K39: Dollar | N39: 0.80989 | V39: =ROUND(R39*N39, 2) -> 0
E40: POLAND | K40: Zloty | N40: 0.30702 | V40: =ROUND(R40*N40, 2) -> 0
... E44: SWITZERLAND | K44: Franc | N44: 1.06668 | V44: =ROUND(R44*N44, 2) -> 0
A46: Foreign Accounts
B48: If you had, in all foreign accounts combined, over $10,000 at any time during 2016, please provide information below for
B49: each account. This is required to be reported to the Treasury Department. Noncompliance could result in severe penalties.
A51: Taxpayer (T), Spouse (S), Joint (J)
A52: T/S/J | D52: Type of Account: | M52: Account Number: | W52: Name of Financial Institution
E53: Bank
E54: Security | M54: Maximum Acct Value in 2016 | W54: Address of Financial Institution
E55: Other | M55: US $
A58: T/S/J | D58: Type of Account: | M58: Account Number: | W58: Name of Financial Institution
E59: Bank
E60: Security | M60: Maximum Acct Value in 2016 | W60: Address of Financial Institution
E61: Other | M61: US $
A64: T/S/J | D64: Type of Account: | M64: Account Number: | W64: Name of Financial Institution
E65: Bank
E66: Security | M66: Maximum Acct Value in 2016 | W66: Address of Financial Institution
E67: Other | M67: US $
A70: T/S/J | D70: Type of Account: | M70: Account Number: | W70: Name of Financial Institution
E71: Bank
E72: Security | M72: Maximum Acct Value in 2016 | W72: Address of Financial Institution
E73: Other | M73: US $
A76: T/S/J | D76: Type of Account: | M76: Account Number: | W76: Name of Financial Institution
E77: Bank
E78: Security | M78: Maximum Acct Value in 2016 | W78: Address of Financial Institution
E79: Other | M79: US $
A82: Information for Foreign Earned Income Exclusion
B84: Please only complete this section if you:
B85: 1 | C85: Are a U.S. citizen or greencard holder
B86: 2 | C86: Were based living and working in a foreign country for any part of the year
B87: 3 | C87: Have entered the foreign income you earned in the section above.
B89: Foreign Address during 2016 | X89: From (mm/dd/yy) | AC89: To (mm/dd/yy)
AC90: Present
B92: TAXPAYER | T92: SPOUSE
B94: Principal Foreign Employer during 2016: | T94: Principal Foreign Employer during 2016:
B95: Employer's Name: | T95: Employer's Name:
B97: Employer's US Address (if any): | T97: Employer's US Address (if any):
B100: Employer's Foreign Address: | T100: Employer's Foreign Address:
B104: Type of Company: | T104: Type of Company:
D105: Foreign Entity | V105: Foreign Entity
D106: U.S. Company | V106: U.S. Company
D107: Self | V107: Self
D108: Foreign Affiliate of a U.S. Company | V108: Foreign Affiliate of a U.S. Company
D109: Other (specify) | V109: Other (specify)
B111: Date you moved outside the U.S.: | S111: Date you moved outside the U.S.:
B113: Living Quarters Abroad:
E114: Purchased home
E115: Rented house or apartment
E116: Rented room
E117: Quarters furnished by Employer | X117: Foreign Currency | AC117: US Dollar
Y118: Amount | AC118: Conversion
C119: If renting, what were your total housing costs for the year (while working abroad)?
D120: *(Include rent, utilities (except phone), insurance, parking, repairs, furniture rental)
B122: Are you required to pay income taxes in the foreign country in which you reside?
B125: Dates of trips to the U.S. during 2016: | N125: Number of business days
D126: Date Entered US | I126: Date Left US | N126: working for your employer
B127: T/S/J | D127: (mm/dd/yy) | I127: (mm/dd/yy) | N127: in the US | Q127: Full | S127: US
Q128: =I128-D128-1 -> -1 | S128: =I128-D128+1 -> 1
Q129: =I129-D129-1 -> -1 | S129: =I129-D129+1 -> 1
Q130: =I130-D130-1 -> -1 | S130: =I130-D130+1 -> 1
Q131: =I131-D131-1 -> -1 | S131: =I131-D131+1 -> 1
Q132: =I132-D132-1 -> -1 | S132: =I132-D132+1 -> 1
Q133: =I133-D133-1 -> -1 | S133: =I133-D133+1 -> 1
Q134: =I134-D134-1 -> -1 | S134: =I134-D134+1 -> 1
Q135: =I135-D135-1 -> -1 | S135: =I135-D135+1 -> 1
Q136: =I136-D136-1 -> -1 | S136: =I136-D136+1 -> 1
Q137: =SUM(Q128:R136) -> -9 | S137: =SUM(S128:T136) -> 9 | U137: =365-S137 -> 356 | W137: Number of full days in foreign countries
...

Sheet Employee
A1: Davis CPA & Associaties, LLC | K1: 3490 Ridgewood Road Suite H, Fairlawn, OH 44333 | Y1: (330) 665-9405 (Phone)
A2: Certified Public Accounting Firm | Y2: (888) 404-7029 (Fax)
E3: 2016 Unreimbursed Employee Business Expenses
K4: General - Vehicle - Home Office
B6: Taxpayer: | E6: =CONCATENATE(Questionnaire!G12," ",Questionnaire!G11) | Q6: Spouse: | T6: =CONCATENATE(Questionnaire!W12," ",Questionnaire!W11)
B8: Occupation | E8: =Questionnaire!G17 -> 0 | Q8: Occupation | T8: =Questionnaire!W17 -> 0
B10: Please only list unreimbursed expenses related to W-2 income!
B12: Note: If your combined employee business expenses do not add up to more than 2% of your adjusted gross income, they will not be deductible.
A15: General Expenses
B17: For examples of what can and cannot be deducted, please see the | S17: List of Deductions
K19: TAXPAYER | O19: SPOUSE
B21: Travel & Lodging (out of town): | J21: $ | N21: $
B22: Meals & Entertainment* | J22: $ | N22: $
B23: Business Gifts (limit $25 a person) | J23: $ | N23: $
B24: Seminars/Training: | J24: $ | N24: $
B25: Trade Publications: | J25: $ | N25: $
B26: Computer Equipment: | J26: $ | N26: $
B27: Computer Supplies: | J27: $ | N27: $
B28: Office Supplies: | J28: $ | N28: $
B29: Telephone (business use): | J29: $ | N29: $
B30: Internet (business use): | J30: $ | N30: $
B31: Postage/Courier | J31: $ | N31: $
B32: Other: Description
J33: $ | N33: $
J34: $ | N34: $
J35: $ | N35: $
J36: $ | N36: $
J37: $ | N37: $
A39: Vehicle Expenses
A41: Related to W-2 Income
A43: *Commuting is not deductible, so please do not include it in your business mileage figure. Commuting means your trip from home to office and then from office to home. Other trips for business during the day would count, however.
F46: TAXPAYER | V46: SPOUSE
A48: Year, make and model | Q48: Year, make and model
A49: Dates used: | F49: From | K49: to | Q49: Dates used: | V49: From | AA49: to
A50: Total miles for the year | Q50: Total miles for the year
A51: Total business* miles | Q51: Total business* miles
A52: Is another vehicle available for personal use: | Q52: Is another vehicle available for personal use:
A53: Is your vehicle leased? | Q53: Is your vehicle leased?
K54: If owned, purchase price of vehicle $ | AA54: If owned, purchase price of vehicle $
A55: Date of purchase | Q55: Date of purchase
A57: Tolls (business portion) $ | Q57: Tolls (business portion) $
A58: Parking (business portion) $ | Q58: Parking (business portion) $
A60: You can generally claim either the standard mileage rate or actual expenses, whichever is greater (some exceptions apply).
A61: If you want me to calculate actual expenses, I need the total for the year of each expense:
F63: From | H63: 42370 | K63: to | L63: 42735 | V63: From | X63: 42370 | AB63: 42735
B64: List total expenses incurred between the dates above: | R64: List total expenses incurred between the dates above:
B65: I will calculate percentage applied as business use. | R65: I will calculate percentage applied as business use.
A66: Gas & oil | K66: $ | Q66: Gas & oil | AA66: $
A67: Repairs/tires | K67: $ | Q67: Repairs/tires | AA67: $
A68: Lease payments | K68: $ | Q68: Lease payments | AA68: $
A69: Auto Insurance | K69: $ | Q69: Auto Insurance | AA69: $
A70: Garage rent | K70: $ | Q70: Garage rent | AA70: $
A71: Auto Club (AAA) | K71: $ | Q71: Auto Club (AAA) | AA71: $
A73: Home Office
A75: Related to W-2 Income
A77: If you primarily work at your employer's office and you do not meet clients at your home, you do not qualify for this deduction.
A80: General Rules:
A81: To qualify, a portion of your home or a separate structure must be used exclusively on a regular basis:
A82: (1) As the principal place of your business (this includes a place where you conduct administrative or management
A83: activities of the business if there is no other fixed location to conduct them), or
A84: (2) As a place where you meet clients in the normal course of business, and
A85: (3) Your home office is for your employer's convenience.
A87: If you lived at more than one location during the year, or used the home office for more than one employer,
A88: please list expenses separately:
A90: Note: Do not fill in an amount for rent if you own your home.
F92: TAXPAYER | V92: SPOUSE
B94: Location 1: Address | R94: Location 1: Address
B95: =Questionnaire!B37 -> 0 | R95: =Questionnaire!B37 -> 0
B96: Employer: | R96: Employer:
B97: Dates worked: | F97: From | K97: to | R97: Dates worked: | V97: From | AA97: to
A98: Percent of time worked from home | Q98: Percent of time worked from home
A99: Total area of home (sq. ft.) | Q99: Total area of home (sq. ft.)
A100: Area used exclusively for business (sq. ft.) | Q100: Area used exclusively for business (sq. ft.)
A101: Rent $ | F101: X | H101: months | J101: = | K101: $ | L101: =D101*G101 -> 0 | Q101: Rent $ | V101: X | X101: months | Z101: = | AA101: $ | AB101: =T101*W101 -> 0
A102: Utilities $ | F102: X | H102: months | J102: = | K102: $ | L102: =D102*G102 -> 0 | Q102: Utilities $ | V102: X | X102: months | Z102: = | AA102: $ | AB102: =T102*W102 -> 0
A103: Repairs and maintenance expense | K103: $ | Q103: Repairs and maintenance expense | AA103: $
A104: Home insurance (total) | K104: $ | Q104: Home insurance (total) | AA104: $
B106: Location 2: Address | R106: Location 2: Address
B108: Employer: | R108: Employer:
B109: Dates worked: | F109: From | K109: to | R109: Dates worked: | V109: From | AA109: to
A110: Percent of time worked from home | Q110: Percent of time worked from home
A111: Total area of home (sq. ft.) | Q111: Total area of home (sq. ft.)
A112: Area used exclusively for business (sq. ft.) | Q112: Area used exclusively for business (sq. ft.)
A113: Rent $ | F113: X | H113: months | J113: = | K113: $ | L113: =D113*G113 -> 0 | Q113: Rent $ | V113: X | X113: months | Z113: = | AA113: $ | AB113: =T113*W113 -> 0
A114: Utilities $ | F114: X | H114: months | J114: = | K114: $ | L114: =D114*G114 -> 0 | Q114: Utilities $ | V114: X | X114: months | Z114: = | AA114: $ | AB114: =T114*W114 -> 0
A115: Repairs and maintenance expense | K115: $ | Q115: Repairs and maintenance expense | AA115: $
A116: Home insurance (total) | K116: $ | Q116: Home insurance (total) | AA116: $
A118: Home Owners:
A119: If you own your home and you wish to claim depreciation of the office portion, please complete the following (unless you have:
A120: provided this in a prior year).
C121: Adjusted Basis of Property:
C122: $ | J122: Purchase Price of Property
C123: $ | J123: Settlement Costs (abstract fees, legal fees, recording fees, surveys, transfer taxes, title insurance)
C124: $ | J124: Capital Improvements made to property before it was made available for rent:
C125: $ | D125: =SUM(D122:H124) -> 0 | I125: = | J125: TOTAL ADJUSTED BASIS
C127: Value of land in price of property:
C128: $ | J128: (Note: Land is not a depreciable asset)
C132: Click here to go back to questionnaire

Sheet Rental
A1: Davis CPA & Associaties, LLC | K1: 3490 Ridgewood Road Suite H, Fairlawn, OH 44333 | Y1: (330) 665-9405 (Phone)
A2: Certified Public Accounting Firm | Y2: (888) 404-7029 (Fax)
H3: 2016 Rental Property Worksheet
A5: General Information:
B7: Taxpayer: | Q7: Spouse: | T7: =CONCATENATE(Questionnaire!W12," ",Questionnaire!W11)
B9: If married, is the house owned jointly? | P9: → | Q9: If not, who is the owner?
B10: Do you [and spouse] own 100% of the property? | R10: → | S10: If not, list ownership percentage
B12: Address of property:
B14: Date property was placed in service (made available for rent). This can be in a past year:
B16: Date, if any, property was no longer available for rent:
B18: Is the entire property available for rental use? | Q18: → | R18: If not, percentage rented out
A20: Rental Income and Expenses
B22: Rental income for the entire tax year: | M22: $
B24: Rental Expenses: | K24: Amount
B25: Advertising | J25: $
B26: Travel | J26: $
B27: Cleaning & Maintenance | J27: $
B28: Commissions | J28: $ | O28: Rental amount (if not fully rented)
B29: Insurance | J29: $ | O29: =Z18 -> 0 | Q29: $ | R29: =K29*O29 -> 0
B30: Legal & Professional Fees | J30: $
B31: Management Fees | J31: $
B32: HOA Fees | J32: $
B33: Mortgage Interest | J33: $ | O33: =Z18 -> 0 | Q33: $ | R33: =K33*O33 -> 0
B34: Real estate taxes | J34: $ | O34: =Z18 -> 0 | Q34: $ | R34: =K34*O34 -> 0
B35: Repairs | J35: $
B36: Supplies | J36: $
B37: Water & Sewer | J37: $ | O37: =Z18 -> 0 | Q37: $ | R37: =K37*O37 -> 0
B38: Garbage Removal | J38: $ | O38: =Z18 -> 0 | Q38: $ | R38: =K38*O38 -> 0 | AA38: `
B39: Utilities | J39: $ | O39: =Z19 -> 0 | Q39: $ | R39: =K39*O39 -> 0
B40: Garden Maintenance | J40: $ | O40: =Z21 -> 0 | Q40: $ | R40: =K40*O40 -> 0
B41: Description
J42: $
J43: $
J44: $
B46: List any capital improvements made to the property during the tax year:
B47: These are improvements made to your home that add to its value, prolong its useful life, or adapt it to new uses.
B48: (Examples include replacements or additions such as roof, carpet, boiler, rooms, patio, driveway,
B49: central air, windows, etc.)
B51: Type of Improvement | K51: Cost | O51: Date
J52: $
J53: $
J54: $
J55: $
J56: $
A58: Cost Basis of Property
B60: Only provide if you are a new client or have a new rental property.
C62: Adjusted Basis of Property:
C63: $ | J63: Purchase Price of Property
C64: $ | J64: Settlement Costs (abstract fees, legal fees, recording fees, surveys, transfer taxes, title insurance)
C65: $ | J65: Capital Improvements made to property before it was made available for rent:
C67: $ | D67: =SUM(D63:H65) -> 0 | I67: = | J67: TOTAL ADJUSTED BASIS
D69: (Note: If you converted a personal property to a rental property, your basis is the lesser of the fair market
D70: value or the adjusted basis of the property).
C72: Value of land in price of property:
C73: $ | J73: (Note: Land is not a depreciable asset)
C76: Depreciation: (new clients only)
C77: $ | J77: Total depreciation claimed in prior years, if known
C81: For more information, see | J81: IRS Publication 527: Residential Rental Property
C84: Click here to go back to questionnaire

Sheet Education
A1: Davis CPA and Associaties, LLC | K1: 3490 Ridgewood Road Suite H, Fairlawn, OH 44333 | Y1: (330) 665-9405 (Phone)
A2: Certified Public Accounting Firm | Y2: (888) 404-7029 (Fax)
A3: 2016 Higher Education
A5: Degree/Program Study at Eligible Educational Institution during 2016
B7: TAXPAYER
B9: SPOUSE
B11: * Other, Specify:
B13: Name of college or university attended:
A15: Tuition & Fees Paid in 2016
L17: TAXPAYER | P17: SPOUSE
B18: Total amount of tuition & fees | K18: $ | O18: $
B19: Required books & supplies | K19: $ | O19: $
B21: The expenses above may qualify for you for the hope credit, lifetime learning credit, or tuition deduction.
A23: Scholarship and Fellowship Income Received in 2016
B25: $ | F25: 1 | G25: Total amount of scholarship/fellowship grants received
B26: $ | F26: 2 | G26: Amt of line 1 received for performing services (e.g., teaching, research, or any other service).
G27: This should be reported on a Form W2 or Form 1042-S (income codes 16-19). It is taxable as wages.
B28: $ | F28: 3 | G28: (Amt of scholarship received for which no services were performed.)
B29: $ | F29: 4 | G29: Enter the amount from line 3 that your scholarship or fellowship required you to use for anything
G30: other than tuition, fees, books & supplies (e.g., room & board, travel, etc.)
B31: $ | F31: 5
B32: $ | F32: 6 | G32: Enter the amount from line 5 that was used for tuition, fees & required books, supplies.
G33: (This is the tax-free part of your scholarship)
B34: $ | F34: 7
B35: $ | F35: 8 | G35: (This is the taxable part of your scholarship)
B37: Did you participate in an employer provided educational assistance program?
A39: Claiming a credit for your dependent child's tuition
B41: Amount of tuition and fees you paid for your child's college/university education during 2016: | Z41: $
B43: Child must be:
B44: 1 | C44: Claimed as a dependent on your tax return
B45: 2 | C45: Between the ages of 18 and 23 during 2016
B46: 3 | C46: A full-time student
B48: Name of child:
B49: College Attended:
C51: Click here to go back to questionnaire

Sheet List of Deductions
B1: List of Possible Deductions by Category
B5: The list below is not all-inclusive and not all items are deductible all of the time. Many are subject to limitations and many only apply in certain situations or are governed by other rules. Please keep careful records and save your receipts for 3 years in case of audit.
B8: The following are links to each section:
C10: Business Expenses
C11: Expenses you Cannot Deduct
C12: Miscellaneous Schedule A Expenses
C13: Medical Expenses
B15: Business Expenses
B17: Employees:
B18: Includes expenses for your job for which you weren’t reimbursed, but you only get the amount in excess of 2% of your AGI (adjusted gross income), and only if you can itemize. For instance, if your AGI is $100,000, you must have at least $2,000 in employee business expenses before you will begin to benefit from the deduction.
B22: Self-Employed:
B23: You are allowed to deduct most business expenses in full.
B25: Advertising and Promotion Expenses (Self-employed)
B27: Books and Publications
B28: Books, trade journals, newspapers and publications for your trade or profession
B30: Dues and Fees:
B31: Dues to a professional organization for people in your profession
B32: Union dues, initiation fees, and assessments for benefit payments to unemployed union members.
B33: Regulatory fees for your profession
... B42: Business use of computer.
C43: Employees: Must be for the convenience of your employer and required as a condition of your employment.
B44: Supplies and tools you use in your work
B46: Home Office
B47: Expenses for an office in your home IF part of the home is used regularly and exclusively for your work. Employees: the use of your home office must also be for the convenience of your employer.
B50: Internet
B51: Employees: Must be for the convenience of your employer and required as a condition of your employment.
B53: Job hunting expenses (Employees)
B54: To deduct job hunting expenses, you must be looking for a job in your present line of work (i.e., you’re not changing professions or looking for your first job). Expenses include:
B56: Resume preparation (drafting, typing, printing, mailing, faxing)
B57: Employment agency fees
B58: Executive recruiters’ fees
B59: Portfolio preparation costs
B60: Career counseling to assist you in improving your position
... B120: Repairs and maintenance
B121: Business taxes and licenses | M121: Back to top
B123: Expenses You Cannot Deduct
B125: People commonly hope to deduct some of the following expenses, but unfortunately they are not deductible.
B127: Non-Deductible Expenses:
B128: Expenses that were reimbursed by your employer.
B129: Apartment Rent, unless qualified to claim away from home expenses for a business trip expected to last one year or less (Temporary Living Expenses), or if a portion is used as a home office (special rules apply to both cases). Also, may be deductible if maintained for the sole purpose of going to school if your education expenses qualify for the business deduction.
B132: Clothing that is adaptable to everyday wear (this includes suits, evening wear, etc.).
B133: Commuting costs (subways and rail fares, and vehicle use including tolls, gasoline, and parking). Exception if qualified as being away from home on business or as part of Temporary Living Expenses.
B135: Dues to country clubs, golf and athletic clubs, and airline and hotel clubs.
B136: Home phone line
B137: Job hunting expenses if you’re looking for your first job, or changing professions.
B138: Dry cleaning and laundry (unless you’re on a business trip)
B139: Legal fees and closing costs involved in purchasing a property
... B154: Student loan interest if adjusted gross income is greater than $75,000 (single) or $150,000 (married).
B155: Student loan principal. | M155: Back to top
B157: Miscellaneous Schedule A Expenses
B159: Real estate expenses:
B160: Mortgage interest
B161: Mortgage prepayment penalties
B162: Penalties of early withdrawals
B163: Points on principal residence financing
B164: Real estate taxes
B166: Auto registration fees
B167: Charitable contributions (cash and non-cash) made to qualified U.S. charities.
B168: Investment expenses:
B169: Accounting fees (preparation of tax return)
B170: Brokerage fees
... B186: Withholding taxes
B187: Casualty and theft Losses | M187: Back to top
B190: Qualified Medical Expenses
B192: Generally, you can only deduct the excess over 7.5% of Adjusted Gross Income, and then only if you can itemize on Schedule A. This means that if you make $100,000, you can only deduct the amount of medical expenses you spent over $7,500. Please also refer to IRS Publication 502: Medical Expenses.
B196: Acupuncture
B197: Air conditioner necessary for relief from allergies or other respiratory problems
B198: Alcoholism treatment
B199: Analysis
B200: Artificial limbs
B201: Artificial teeth
B202: Birth control pills prescribed by a doctor
B203: Braille books and magazines used by a visually-impaired person
B204: A clarinet and lessons to treat the improper alignment of a child’s upper and lower teeth
B205: Contact lenses
... B250: Wig for the mental health of a patient who lost his or her hair due to a disease.
B251: X-ray services. | M251: Back to top
